TOP OF THE 1ST |
Marquette Miners batting - Pitching for Chesapeake Continentals : RHP Harold Elkins
|
Pitching: RHP Harold Elkins
|
|
Batting: RHB Pil-joong Pak
|
0-0: DOUBLE (Line Drive, 5D)
|
Batting: LHB José Ortega
|
0-0: Ball 1-0: Called Strike Pil-joong Pak is caught stealing 3rd base 1-1: Foul Ball, location: 2F 1-2: Ground out 6-3 (Groundball, 6M)
|
Batting: RHB Pedro Pérez
|
0-0: Ball 1-0: Ground out 5-3 (Groundball, 5)
|
Top of the 1st over - 0 run(s), 1 hit(s), 0 error(s), 0 left on base; Marquette 0 - Chesapeake 0 |
BOTTOM OF THE 1ST |
Chesapeake Continentals batting - Pitching for Marquette Miners : RHP Jaime Venditti
|
Pitching: RHP Jaime Venditti
|
|
Batting: RHB Scott Allison
|
0-0: Ball 1-0: Swinging Strike 1-1: Swinging Strike 1-2: Ball 2-2: Foul Ball, location: 2F 2-2: SINGLE (Flyball, 9S)
|
Batting: RHB Danilo Mosca
|
0-0: SINGLE (Line Drive, 6MD) Scott Allison to second
|
Batting: RHB Mike Peterson
|
0-0: Ball 1-0: DOUBLE (Line Drive, 7LS) Scott Allison scores Danilo Mosca to third
|
Batting: RHB Ju-chan Pak
|
0-0: Called Strike 0-1: Fly out, F5 (Popup, 5)
|
Batting: RHB Brett Callison
|
0-0: Ball 1-0: Foul Ball, location: 2F 1-1: Ball 2-1: Ball 3-1: Foul Ball, location: 2F 3-2: Foul Ball, location: 2F 3-2: Ground out 5-3 (Groundball, 5)
|
Batting: LHB José Estrada
|
0-0: Called Strike 0-1: Foul Ball, location: 2F 0-2: Ball 1-2: Ground out 1-3 (Groundball, 15S)
|
Bottom of the 1st over - 1 run(s), 3 hit(s), 0 error(s), 2 left on base; Marquette 0 - Chesapeake 1 |
TOP OF THE 2ND |
Marquette Miners batting - Pitching for Chesapeake Continentals : RHP Harold Elkins
|
Batting: LHB Jorge Flores
|
0-0: Ball 1-0: Ball 2-0: Ball 3-0: Called Strike 3-1: Swinging Strike 3-2: Base on Balls
|
Batting: RHB Tim Burnett
|
0-0: Called Strike 0-1: Ball 1-1: Swinging Strike 1-2: Ball 2-2: Fielders Choice at 2nd, 6-4 (Groundball, 6M)
|
Batting: RHB Ryan Maddox
|
0-0: Called Strike 0-1: Ball 1-1: Fly out, F9 (Flyball, 89M)
|
Batting: RHB Jack Burton
|
0-0: Ball 1-0: Ball 2-0: Called Strike 2-1: Swinging Strike 2-2: Foul Ball, location: 2F 2-2: Strikes out swinging
|
Top of the 2nd over - 0 run(s), 0 hit(s), 0 error(s), 1 left on base; Marquette 0 - Chesapeake 1 |
BOTTOM OF THE 2ND |
Chesapeake Continentals batting - Pitching for Marquette Miners : RHP Jaime Venditti
|
Batting: RHB Gabriel Guerrero
|
0-0: Called Strike 0-1: Foul Ball, location: 2F 0-2: Ground out 1-3 (Groundball, 13S)
|
Batting: RHB Gustavo Varela
|
0-0: Ball 1-0: Called Strike 1-1: Ball 2-1: Foul Ball, location: 2F 2-2: Ball 3-2: Base on Balls
|
Batting: RHB Walter Hurlson
|
0-0: Ball 1-0: Grounds into double play, 1-6-3 (Groundball, 13)
|
Bottom of the 2nd over - 0 run(s), 0 hit(s), 0 error(s), 0 left on base; Marquette 0 - Chesapeake 1 |
TOP OF THE 3RD |
Marquette Miners batting - Pitching for Chesapeake Continentals : RHP Harold Elkins
|
Batting: RHB Félix De La Hoya
|
0-0: Ball 1-0: Fly out, F9 (Flyball, 89S)
|
Batting: RHB Alfredo Martínez
|
0-0: Foul Ball, location: 2F 0-1: Bunted foul 0-2: Ground out 6-3 (Groundball, 6)
|
Batting: RHB Pil-joong Pak
|
0-0: Ground out 5-3 (Groundball, 56)
|
Top of the 3rd over - 0 run(s), 0 hit(s), 0 error(s), 0 left on base; Marquette 0 - Chesapeake 1 |
BOTTOM OF THE 3RD |
Chesapeake Continentals batting - Pitching for Marquette Miners : RHP Jaime Venditti
|
Batting: RHB Scott Allison
|
0-0: Ball 1-0: Called Strike 1-1: Ball 2-1: Swinging Strike 2-2: Ground out U3 (Groundball, 3)
|
Batting: RHB Danilo Mosca
|
0-0: Foul Ball, location: 2F 0-1: Foul Ball, location: 2F 0-2: Ball 1-2: Ground out 6-3 (Groundball, 6M)
|
Batting: RHB Mike Peterson
|
0-0: Foul Ball, location: 2F 0-1: Ball 1-1: Ball 2-1: Swinging Strike 2-2: Ball 3-2: Ground out 6-3 (Groundball, 6)
|
Bottom of the 3rd over - 0 run(s), 0 hit(s), 0 error(s), 0 left on base; Marquette 0 - Chesapeake 1 |
TOP OF THE 4TH |
Marquette Miners batting - Pitching for Chesapeake Continentals : RHP Harold Elkins
|
Batting: LHB José Ortega
|
0-0: Foul Ball, location: 2F 0-1: Ball 1-1: Called Strike 1-2: Foul Ball, location: 2F 1-2: Ball 2-2: Ball 3-2: Ground out 6-3 (Groundball, 6M)
|
Batting: RHB Pedro Pérez
|
0-0: Swinging Strike 0-1: Swinging Strike 0-2: Foul Ball, location: 2F 0-2: Strikes out swinging
|
Batting: LHB Jorge Flores
|
0-0: Ball 1-0: Ground out 6-3 (Groundball, 6)
|
Top of the 4th over - 0 run(s), 0 hit(s), 0 error(s), 0 left on base; Marquette 0 - Chesapeake 1 |
BOTTOM OF THE 4TH |
Chesapeake Continentals batting - Pitching for Marquette Miners : RHP Jaime Venditti
|
Batting: RHB Ju-chan Pak
|
0-0: Called Strike 0-1: Called Strike 0-2: Foul Ball, location: 2F 0-2: Ground out 5-3 (Groundball, 56)
|
Batting: RHB Brett Callison
|
0-0: Ball 1-0: Called Strike 1-1: Called Strike 1-2: Foul Ball, location: 2F 1-2: Strikes out looking
|
Batting: LHB José Estrada
|
0-0: Foul Ball, location: 2F 0-1: Ground out 6-3 (Groundball, 6)
|
Bottom of the 4th over - 0 run(s), 0 hit(s), 0 error(s), 0 left on base; Marquette 0 - Chesapeake 1 |
TOP OF THE 5TH |
Marquette Miners batting - Pitching for Chesapeake Continentals : RHP Harold Elkins
|
Batting: RHB Tim Burnett
|
0-0: Called Strike 0-1: Swinging Strike 0-2: Foul Ball, location: 2F 0-2: Ball 1-2: Fly out, F2 (Popup, 23F)
|
Batting: RHB Ryan Maddox
|
0-0: Foul Ball, location: 2F 0-1: Swinging Strike 0-2: Ball 1-2: Ground out 4-3 (Groundball, 4)
|
Batting: RHB Jack Burton
|
0-0: Ball 1-0: Foul Ball, location: 2F 1-1: Foul Ball, location: 2F 1-2: Fly out, F8 (Line Drive, 8RM)
|
Top of the 5th over - 0 run(s), 0 hit(s), 0 error(s), 0 left on base; Marquette 0 - Chesapeake 1 |
BOTTOM OF THE 5TH |
Chesapeake Continentals batting - Pitching for Marquette Miners : RHP Jaime Venditti
|
Batting: RHB Gabriel Guerrero
|
0-0: Ball 1-0: Bunted foul 1-1: Called Strike 1-2: Ball 2-2: Ball 3-2: Base on Balls
|
Batting: RHB Gustavo Varela
|
0-0: Sac Bunt - play at first, batter safe! Gabriel Guerrero to second
|
Batting: RHB Walter Hurlson
|
0-0: Bunt missed! 0-1: Ball 1-1: Ball 2-1: Bunted foul 2-2: Fly out, F3 (Popup, 3)
|
Batting: RHB Scott Allison
|
0-0: Ball 1-0: Called Strike 1-1: Called Strike 1-2: Ball 2-2: Strikes out looking
|
Batting: RHB Danilo Mosca
|
0-0: Ball 1-0: Ball 2-0: Ball 3-0: Base on Balls Gabriel Guerrero to third Gustavo Varela to second
|
Batting: RHB Mike Peterson
|
0-0: Swinging Strike 0-1: Ball 1-1: Foul Ball, location: 2F 1-2: Foul Ball, location: 2F 1-2: Ball 2-2: Foul Ball, location: 2F 2-2: Ball 3-2: Foul Ball, location: 2F 3-2: DOUBLE (Groundball, 5L) Gabriel Guerrero scores Gustavo Varela scores Danilo Mosca to third Danilo Mosca scores
|
Batting: RHB Ju-chan Pak
|
0-0: Ball 1-0: Called Strike 1-1: Ball 2-1: Called Strike 2-2: DOUBLE (Groundball, 5L) Mike Peterson scores
|
Pitching: RHP Jorge Silverstro
|
|
Batting: RHB Brett Callison
|
0-0: Ball 1-0: DOUBLE (Line Drive, 7LS) Ju-chan Pak scores
|
Batting: LHB José Estrada
|
0-0: Ball 1-0: Ball 2-0: Ball 3-0: Base on Balls
|
Batting: RHB Gabriel Guerrero
|
0-0: Ball 1-0: Swinging Strike 1-1: Ball 2-1: Ball 3-1: Ground out 5-3 (Groundball, 5S)
|
Bottom of the 5th over - 5 run(s), 4 hit(s), 0 error(s), 2 left on base; Marquette 0 - Chesapeake 6 |
TOP OF THE 6TH |
Marquette Miners batting - Pitching for Chesapeake Continentals : RHP Harold Elkins
|
Batting: RHB Félix De La Hoya
|
0-0: Ball 1-0: Ball 2-0: Swinging Strike 2-1: Foul Ball, location: 2F 2-2: SOLO HOME RUN (Flyball, 7D), Distance : 394 ft
|
Batting: RHB Alfredo Martínez
|
0-0: Foul Ball, location: 2F 0-1: Ball 1-1: Bunt for hit - play at first, batter OUT! 5-3
|
Batting: RHB Pil-joong Pak
|
0-0: Swinging Strike 0-1: Ball 1-1: Foul Ball, location: 2F 1-2: Ground out 1-3 (Groundball, 13S)
|
Batting: LHB José Ortega
|
0-0: Ground out 5-3 (Groundball, 15S)
|
Top of the 6th over - 1 run(s), 1 hit(s), 0 error(s), 0 left on base; Marquette 1 - Chesapeake 6 |
BOTTOM OF THE 6TH |
Chesapeake Continentals batting - Pitching for Marquette Miners : RHP Jorge Silverstro
|
Batting: RHB Gustavo Varela
|
0-0: Ball 1-0: Ball 2-0: Called Strike 2-1: Fly out, F7 (Line Drive, 7LS)
|
Batting: RHB Walter Hurlson
|
0-0: Foul Ball, location: 2F 0-1: Ball 1-1: Ball 2-1: Foul Ball, location: 2F 2-2: Ball 3-2: Foul Ball, location: 2F 3-2: Foul Ball, location: 2F 3-2: Fly out, F2 (Popup, 23F)
|
Batting: RHB Scott Allison
|
0-0: Called Strike 0-1: Ball 1-1: Ball 2-1: Ball 3-1: Called Strike 3-2: Base on Balls
|
Batting: RHB Danilo Mosca
|
0-0: Called Strike 0-1: Ball 1-1: Fly out, F8 (Flyball, 8LM)
|
Bottom of the 6th over - 0 run(s), 0 hit(s), 0 error(s), 1 left on base; Marquette 1 - Chesapeake 6 |
TOP OF THE 7TH |
Marquette Miners batting - Pitching for Chesapeake Continentals : RHP Harold Elkins
|
Batting: RHB Pedro Pérez
|
0-0: Ball 1-0: Called Strike 1-1: Ground out 4-3 (Groundball, 4)
|
Batting: LHB Jorge Flores
|
0-0: Called Strike 0-1: Swinging Strike 0-2: Strikes out looking
|
Batting: RHB Tim Burnett
|
0-0: Fly out, F9 (Flyball, 9M)
|
Top of the 7th over - 0 run(s), 0 hit(s), 0 error(s), 0 left on base; Marquette 1 - Chesapeake 6 |
BOTTOM OF THE 7TH |
Chesapeake Continentals batting - Pitching for Marquette Miners : RHP Jorge Silverstro
|
Batting: RHB Mike Peterson
|
0-0: Called Strike 0-1: Ball 1-1: Ground out 1-3 (Groundball, 13)
|
Batting: RHB Ju-chan Pak
|
0-0: Ground out 5-3 (Groundball, 5)
|
Batting: RHB Brett Callison
|
0-0: Ball 1-0: Ball 2-0: Foul Ball, location: 2F 2-1: Swinging Strike 2-2: Ball 3-2: Base on Balls
|
Batting: LHB José Estrada
|
0-0: SINGLE (Line Drive, 6MD) Brett Callison to second
|
Batting: RHB Gabriel Guerrero
|
0-0: Ball 1-0: Ball 2-0: Ball 3-0: Base on Balls Brett Callison to third José Estrada to second
|
Batting: RHB Gustavo Varela
|
0-0: Ball 1-0: Called Strike 1-1: Foul Ball, location: 2F 1-2: Foul Ball, location: 2F 1-2: SINGLE (Flyball, 8LS) Brett Callison scores José Estrada to third Gabriel Guerrero to second Runner from 3rd tries for Home, throw and OUT!
|
Bottom of the 7th over - 1 run(s), 2 hit(s), 0 error(s), 2 left on base; Marquette 1 - Chesapeake 7 |
TOP OF THE 8TH |
Marquette Miners batting - Pitching for Chesapeake Continentals : RHP Harold Elkins
|
Batting: RHB Ryan Maddox
|
0-0: Called Strike 0-1: Ball 1-1: Swinging Strike 1-2: Strikes out swinging
|
Batting: RHB Jack Burton
|
0-0: Ball 1-0: Swinging Strike 1-1: Ball 2-1: Called Strike 2-2: Ball 3-2: Base on Balls
|
Batting: RHB Félix De La Hoya
|
0-0: Ball 1-0: Ball 2-0: Foul Ball, location: 2F Single, Error in OF, E7, batter to second base Jack Burton to third
|
Batting: RHB Alfredo Martínez
|
0-0: Ball 1-0: Ball 2-0: Called Strike 2-1: Called Strike 2-2: Ball 3-2: Strikes out swinging
|
Batting: RHB Pil-joong Pak
|
0-0: Ball 1-0: Fly out, F8 (Flyball, 8RM)
|
Top of the 8th over - 0 run(s), 1 hit(s), 1 error(s), 2 left on base; Marquette 1 - Chesapeake 7 |
BOTTOM OF THE 8TH |
Chesapeake Continentals batting - Pitching for Marquette Miners : RHP Jorge Silverstro
|
Pitching: RHP Elvin Glass
|
|
Batting: RHB Walter Hurlson
|
0-0: SINGLE (Groundball, 34)
|
Batting: RHB Scott Allison
|
0-0: Called Strike 0-1: Ball 1-1: Bunted foul 1-2: Ball 2-2: Foul Ball, location: 2F 2-2: Ball 3-2: Fly out, F8 (Flyball, 8RM)
|
Batting: RHB Danilo Mosca
|
0-0: Ball 1-0: Ball 2-0: Ball 3-0: Base on Balls Walter Hurlson to second
|
Batting: RHB Mike Peterson
|
0-0: Ball 1-0: Foul Ball, location: 2F 1-1: Ball 2-1: Foul Ball, location: 2F 2-2: Strikes out looking
|
Batting: RHB Ju-chan Pak
|
0-0: Foul Ball, location: 2F 0-1: Ball 1-1: 3-RUN HOME RUN (Flyball, 7D), Distance : 375 ft
|
Batting: RHB Brett Callison
|
0-0: Called Strike 0-1: Foul Ball, location: 2F 0-2: Ball 1-2: Foul Ball, location: 2F 1-2: Foul Ball, location: 2F 1-2: Strikes out swinging
|
Bottom of the 8th over - 3 run(s), 2 hit(s), 0 error(s), 0 left on base; Marquette 1 - Chesapeake 10 |
TOP OF THE 9TH |
Marquette Miners batting - Pitching for Chesapeake Continentals : RHP Harold Elkins
|
Batting: LHB José Ortega
|
0-0: Ball 1-0: Swinging Strike 1-1: Ball 2-1: Called Strike 2-2: Foul Ball, location: 2F 2-2: Ball 3-2: Base on Balls
|
Batting: RHB Pedro Pérez
|
0-0: Ball 1-0: Fielders Choice at 2nd, 5-4 (Groundball, 5)
|
Batting: LHB Jorge Flores
|
0-0: Ball 1-0: Fly out, F5 (Popup, 5F)
|
Batting: RHB Tim Burnett
|
0-0: Called Strike 0-1: Foul Ball, location: 2F 0-2: Strikes out swinging
|
Top of the 9th over - 0 run(s), 0 hit(s), 0 error(s), 1 left on base; Marquette 1 - Chesapeake 10 |
|